 Dungeon Crawl Stone Soup version 0.30-a0-918-g0ff054e9dc (webtiles) character file.

Game seed: 3872314889631280235

34 MachoJfn the Chopper (level 3, -4/35 HPs)
             Began as a Troll Gladiator on Mar 20, 2023.
             Was a Follower of Elyvilon.
             Killed from afar by Natasha (17 damage)
             ... with a bolt of light
             ... on level 2 of the Dungeon.
             The game lasted 00:04:37 (787 turns).

MachoJfn the Chopper (Troll Gladiator)               Turns: 787, Time: 00:04:37

Health: -4/35      AC:  4    Str: 24    XL:     3   Next: 14%
Magic:  2/2        EV: 10    Int:  4    God:    Elyvilon [*.....]
Gold:   62         SH:  0    Dex: 11    Spells: 2/2 levels left

rFire   + . .      SeeInvis .    a - +0 war axe
rCold   x . .      Faith    .    (no shield)
rNeg    . . .      Spirit   .    b - +0 robe
rPois   .          Reflect  .    c - +0 hat
rElec   .          Rampage  .    (no cloak)
rCorr   .                        (gloves unavailable)
Will    .....                    (boots unavailable)
Stlth   +                        (no amulet)
HPRegen 1.05/turn                j - ring of fire
MPRegen 0.08/turn                (no ring)

@: slowed, very slow
A: large, unfitting armour, claws 3, regeneration 1, shaggy fur 1, tough skin 1
a: Renounce Religion, Purification


You were on level 2 of the Dungeon.
You worshipped Elyvilon.
Elyvilon was aware of your devotion.
You visited 1 branch of the dungeon, and saw 2 of its levels.

You collected 62 gold pieces.

Inventory:

Hand Weapons
 a - a +0 war axe (weapon)
Missiles
 d - 3 throwing nets (quivered)
 e - a large rock
Armour
 b - a +0 robe (worn)
 c - a +0 hat (worn)
Jewellery
 j - a ring of fire (left claw)
Scrolls
 f - 4 scrolls of teleportation {unknown}
 g - a scroll of blinking {unknown}
 h - a scroll of fog {unknown}
 m - a scroll of identify {unknown}
Potions
 i - a potion of attraction {unknown}
 k - a potion of heal wounds {unknown}
 l - a potion of mutation {unknown}
 n - a potion of magic {unknown}


   Skills:
 + Level 1.9 Fighting
 + Level 3.0 Axes
 + Level 1.9 Throwing
 + Level 2.8 Dodging


You had 2 spell levels left.
You didn't know any spells.
Your spell library was empty.

Dungeon Overview and Level Annotations

Branches:
Dungeon (2/15)

Altars:
Elyvilon

Annotations:
D:2 Natasha


Innate Abilities, Weirdness & Mutations

You are too large for most types of armour.
You have claws for hands.
Your natural rate of healing is unusually fast.
You are covered in fur. (AC +1)
You have tough skin. (AC +1)


Message History

The hobgoblin is severely wounded.
The hobgoblin hits you.
You barely miss the hobgoblin.
The hobgoblin is severely wounded.
The hobgoblin closely misses you.
You slash the hobgoblin!
You kill the hobgoblin!
You see here a hobgoblin corpse.
Found 14 gold pieces.
Found a stone staircase leading down.
n - an amethyst potion You now have 53 gold pieces (gained 14).
f - 4 scrolls labelled ZEOFO BANGEMM (gained 1)
A goblin comes into view. It is wielding a +0 club.
Found 9 gold pieces.
Found a stone staircase leading up.
The goblin shouts!
A goblin is nearby!
The goblin hits you with a +0 club.
You barely miss the goblin. The goblin barely misses you.
You closely miss the goblin. The goblin closely misses you.
You barely miss the goblin. The goblin hits you but does no damage.
The goblin hits you with a +0 club.
You slash the goblin!
You kill the goblin!
Your Axes skill increases to level 3!
You see here a +0 club.
There is a stone staircase leading up here.
You now have 62 gold pieces (gained 9).
Natasha, Servant of Life and Death comes into view.
She is carrying a wand of light (4).
Natasha hisses angrily.
Natasha mumbles some strange words.
Natasha claws you.
You barely miss Natasha. Natasha claws you.
You barely miss Natasha.
Natasha stares at you and mumbles some strange words.
You feel yourself slow down.
Natasha zaps a wand.
The bolt of light hits you!!
Ouch! That really hurt!
You barely miss Natasha.
The crimson imp blinks!
Natasha zaps a wand.
The bolt of light hits you!
You die...

......# #....#
......# #....###
......# #......#
......####...##.#
.........#...##.##
......##.)<..##..#
##########...###.#
#...# #.# #...#
#@# #...# #h#
##### #ยง# ... ...
..... #####


You could see Natasha.

Vanquished Creatures
  4 ball pythons
  3 endoplasms (D:1)
  2 goblins (D:2)
  3 hobgoblins
  4 quokkas
  8 bats
  A frilled lizard (D:2)
  3 kobolds (D:1)
  2 rats
30 creatures vanquished.

Notes
Turn   | Place    | Note
-------+----------+-------------------------------------------
     0 | D:1      | MachoJfn the Troll Gladiator began the quest for the Orb.
     0 | D:1      | Reached XP level 1. HP: 19/19 MP: 0/0
   337 | D:1      | Reached XP level 2. HP: 28/28 MP: 1/1
   420 | D:1      | Found a faded altar of an unknown god.
   433 | D:1      | Prayed at the altar of an unknown god.
   433 | D:1      | Became a worshipper of Elyvilon the Healer
   433 | D:1      | Reached * piety under Elyvilon
   659 | D:2      | Reached XP level 3. HP: 32/35 MP: 2/2
   767 | D:2      | Reached skill level 3 in Axes
   781 | D:2      | Noticed Natasha
   787 | D:2      | Killed from afar by Natasha

Illustrated notes

Levels and vault maps discovered:
D:1:      tarquinn_simple_flora_water_e, layout_basic,
          ebering_ecumenical_altar_mist
D:2:      minmay_alternating_diamond, layout_rooms, uniq_natasha

Skill      XL: |  1  2  3 |
---------------+----------+-----
Axes           | 3 |  3.0
Fighting       | |  1.9
Throwing       | |  1.9
Dodging        | |  2.8

Action                     || total
---------------------------++-------
  Melee: War axe           ||    92
         Punch             ||     1
 Armour: Robe              ||    46
  Dodge: Dodged            ||    71

Table legend: (Time is in decaauts)
 A = Elapsed time spent in this place.
 B = Non-inter-level travel time spent in this place.
 C = Inter-level travel time spent in this place.
 D = Time resting spent in this place.
 E = Time spent auto-exploring this place.
 F = Levels seen in this place.
 G = Mean time per level.
                   A        B        C        D        E       F      G
               +--------+--------+--------+--------+--------+-----+--------+
         Total |    819 |    622 |    197 |      2 |    376 |   2 |  409.5 |
       Dungeon |    819 |    622 |    197 |      2 |    376 |   2 |  409.5 |
               +--------+--------+--------+--------+--------+-----+--------+

Top non-repeatable levels by time:
     D:1: 614 daAuts
     D:2: 205 daAuts
